 Dungeon Crawl Stone Soup version 0.20.0-10-g0535bb4 (webtiles) character file.

78 rodrick the Ruffian (level 4, -2/38 HPs)
             Began as a Naga Transmuter on June 4, 2017.
             Slain by Inchmeat's ghost (10 damage)
             ... on level 3 of the Dungeon.
             The game lasted 00:06:07 (2472 turns).

rodrick the Ruffian (Naga Transmuter)               Turns: 2472, Time: 00:06:08

Health: -2/38      AC:  2    Str: 17    XL:     4   Next: 36%
Magic:  2/8        EV:  9    Int: 15    God:
Gold:   21         SH:  3    Dex: 11    Spells: 2/8 levels left

rFire    . . .     SeeInvis +     - Unarmed
rCold    . . .     Gourm    .   e - +0 buckler
rNeg     . . .     Faith    .   b - +0 robe
rPois    +         Spirit   .   (no helmet)
rElec    .         Reflect  .   (no cloak)
rCorr    .         Harm     .   (no gloves)
MR       .....                  (no barding)
Stlth    ++........             (no amulet)
Regen    0.2/turn               (no ring)
MPRegen  0.2/turn               (no ring)

@: mighty, appendage, very slow
A: horns 2, see invisible, deformed body, poison resistance, slowness 2, slow
metabolism 1, spit poison 1, AC +1
a: Spit Poison, End Transformation


You were on level 3 of the Dungeon.
You were hungry.
You had grown temporary horns.
You visited 1 branch of the dungeon, and saw 3 of its levels.

You collected 21 gold pieces.

Inventory:

Missiles
 a - 24 arrows
Armour
 b - a +0 robe (worn)
 e - a +0 buckler (worn)
Books
 c - a book of Changes

   Spells                             Type                      Level
   a - Beastly Appendage              Transmutation                1
   b - Sticks to Snakes               Transmutation                2
   c - Spider Form                    Transmutation/Poison         3
   d - Ice Form                       Ice/Transmutation            4
   e - Blade Hands                    Transmutation                5
Comestibles
 d - a bread ration
 i - a royal jelly


   Skills:
 + Level 1.6 Fighting
 + Level 1.7 Dodging
 + Level 1.2 Stealth
 + Level 0.2 Shields
 + Level 3.5 Unarmed Combat
 + Level 2.6 Spellcasting
 + Level 2.3 Transmutations
 * Level 1.3 Poison Magic


You had 2 spell levels left.
You knew the following spells:

 Your Spells              Type           Power        Failure   Level  Hunger
a - Beastly Appendage     Tmut           #.....       12%         1    #......
b - Sticks to Snakes      Tmut           #.......     19%         2    ##.....
c - Spider Form           Tmut/Pois      #.........   41%         3    ###....


Dungeon Overview and Level Annotations

Branches:
Dungeon (3/15)

Altars:

Annotations:
D:3 Inchmeat's ghost, amateur DsMo


Innate Abilities, Weirdness & Mutations

You cannot wear boots.
Your serpentine skin is tough. (AC +1)
You have supernaturally acute eyesight. (SInv)
Armour fits poorly on your strangely shaped body.
Your system is resistant to poisons. (rPois)
You cover ground very slowly.
You have a slow metabolism.
You can spit poison.
You have a pair of horns on your head.


Message History

Inchmeat's ghost is lightly damaged.
Your ball python closely misses Inchmeat's ghost.
Your ball python barely misses Inchmeat's ghost.
You punch Inchmeat's ghost! Your headbutt misses Inchmeat's ghost.
Inchmeat's ghost is moderately damaged.
You block Inchmeat's ghost's attack.
Your ball python barely misses Inchmeat's ghost.
Your ball python bites Inchmeat's ghost but does no damage.
You barely miss Inchmeat's ghost.
Inchmeat's ghost is moderately damaged.
Inchmeat's ghost hits you.
* * * LOW HITPOINT WARNING * * *
Your ball python bites Inchmeat's ghost but does no damage.
Your ball python closely misses Inchmeat's ghost.
You punch Inchmeat's ghost!
Inchmeat's ghost is heavily damaged.
Your ball python barely misses Inchmeat's ghost.
Your ball python completely misses Inchmeat's ghost.
Inchmeat's ghost hits you!
You die...

### #.. #.#
#.### #.#..
#.#.# #@#.#
#W#.#######
#SS........
#..<#####
#†.......#
##..####.#
#..# #..#
#...


You could see Inchmeat's ghost and 2 friendly ball pythons.

Vanquished Creatures
  2 adders
  2 oozes
  A worm (D:2)
  2 leopard geckos
  2 giant cockroaches
  6 goblins
  7 hobgoblins
  2 jackals (D:2)
  3 ball pythons (D:1)
  4 bats
  A frilled lizard (D:3)
  5 kobolds
  8 rats
45 creatures vanquished.

Vanquished Creatures (collateral kills)
  A jackal (D:2)
1 creature vanquished.

Grand Total: 46 creatures vanquished

Notes
Turn   | Place    | Note
-------+----------+-------------------------------------------
     0 | D:1      | rodrick the Naga Transmuter began the quest for the Orb.
     0 | D:1      | Reached XP level 1. HP: 18/18 MP: 3/3
   570 | D:1      | Reached XP level 2. HP: 24/25 MP: 3/5
  1020 | D:1      | Reached XP level 3. HP: 26/31 MP: 4/6
  1024 | D:1      | Learned a level 2 spell: Sticks to Snakes
  1028 | D:1      | Learned a level 3 spell: Spider Form
  1276 | D:2      | Reached skill level 1 in Stealth
  1994 | D:2      | Reached skill level 1 in Poison Magic
  2092 | D:2      | Reached XP level 4. HP: 33/38 MP: 5/7
  2452 | D:3      | Noticed Inchmeat's ghost (amateur DsMo)
  2472 | D:3      | Slain by Inchmeat's ghost

Skill      XL: |  1  2  3 |
---------------+----------+-----
Stealth        | 1 |  1.2
Poison Magic   | 1 |  1.3
Fighting       | |  1.6
Dodging        | |  1.7
Shields        | |  0.2
Unarmed Combat | |  3.5
Spellcasting   | |  2.6
Transmutations | |  2.3

Action                   |  1- 3 |  4- 6 || total
-------------------------+-------+-------++-------
Melee: Unarmed           |   115 |    45 ||   160
       Headbutt          |    12 |     5 ||    17
 Cast: Beastly Appendage |    20 |     7 ||    27
       Sticks to Snakes  |     1 |     5 ||     6
 Abil: Spit Poison       |     9 |       ||     9
  Use: Potion            |     5 |     1 ||     6
       Scroll            |     2 |       ||     2
 Stab: Sleeping          |     4 |     2 ||     6
  Eat: Chunk             |     3 |     1 ||     4
Armor: Robe              |    31 |     9 ||    40
Dodge: Dodged            |    61 |    25 ||    86
Block: Buckler           |     7 |     8 ||    15
